 Dungeon Crawl Stone Soup version 0.21-a0-582-g1b93aee (webtiles) character file.

7996 Amnesiac the Slinger (level 11, -7/72 HPs)
             Began as a Halfling Fighter on Dec 19, 2017.
             Was a Priest of Okawaru.
             Killed from afar by a frost giant (20 damage)
             ... with a bolt of cold
             ... on level 10 of the Dungeon.
             The game lasted 00:21:40 (11803 turns).

Amnesiac the Slinger (Halfling Fighter)            Turns: 11803, Time: 00:21:41

Health: -7/72      AC: 17    Str: 20    XL:     11   Next: 47%
Magic:  17/17      EV: 10    Int:  6    God:    Okawaru [***...]
Gold:   511        SH: 12    Dex: 15    Spells: 10/10 levels left

rFire    . . .     SeeInvis .   b - +0 blowgun
rCold    + . .     Gourm    .   c - +1 shield
rNeg     . . .     Faith    .   H - +0 plate armour
rPois    .         Spirit   .   y - +0 helmet
rElec    .         Reflect  .   (no cloak)
rCorr    .         Harm     .   (no gloves)
MR       .....                  L - +2 pair of boots
Stlth    ..........             (no amulet)
HPRegen  0.22/turn              e - ring of protection from fire
MPRegen  0.15/turn              K - ring of ice

@: no status effects
A: small, mutation resistance 1
a: Heroism, Renounce Religion


You were on level 10 of the Dungeon.
You worshipped Okawaru.
Okawaru was most pleased with you.
You were not hungry.

You visited 2 branches of the dungeon, and saw 11 of its levels.
You also visited: Ossuary.

You collected 511 gold pieces.

Inventory:

Hand Weapons
 a - a +1 hunting sling
 b - a +0 blowgun (weapon)
 w - a +2 dagger of venom
Missiles
 k - 6 tomahawks
 p - 16 poisoned needles (quivered)
 q - 222 stones
 t - 7 needles of confusion
 B - 2 tomahawks of returning
 C - a throwing net
 I - an exploding tomahawk
 M - 119 sling bullets
Armour
 c - a +1 shield (worn)
 y - a +0 helmet (worn)
 H - a +0 plate armour (worn)
 L - a +2 pair of boots (worn)
Jewellery
 e - a ring of protection from fire (left hand)
 K - a ring of ice (right hand)
Wands
 D - a wand of acid (20)
Scrolls
 g - 8 scrolls of remove curse {!r}
 h - 2 scrolls of fog {!r}
 l - 6 scrolls of teleportation {!r}
 m - 4 scrolls of enchant armour {!r}
 n - 3 scrolls of magic mapping {!r}
 A - 2 scrolls of blinking {!r}
 F - 3 scrolls of amnesia {!r}
 J - 3 scrolls of enchant weapon {!r}
Potions
 d - 3 potions of might {!q}
 i - 2 potions of lignification {!q}
 r - a potion of heal wounds {!q}
 s - 6 potions of agility {!q}
 u - 5 potions of curing {!q}
 v - a potion of magic {!q}
 x - a potion of berserk rage {!q}
 z - 3 potions of haste {!q}
 E - a potion of flight {!q}
 G - 3 potions of mutation {!q}
 O - a potion of invisibility {!q}
Comestibles
 f - 20 rations


   Skills:
 * Level 5.7 Fighting
 - Level 3.0 Short Blades
 + Level 13.2 Slings
 * Level 6.9 Armour
 * Level 6.8 Dodging
 * Level 6.9 Shields
 + Level 8.6 Invocations


You had 10 spell levels left.
You didn't know any spells.

Dungeon Overview and Level Annotations

Branches:
Dungeon (10/15)            Temple (1/1) D:4            Lair (0/6) D:9
    Orc: D:9-12

Altars:
Ashenzari
Cheibriados
Dithmenos
Elyvilon
Fedhas
Gozag
Hepliaklqana
Kikubaaqudgha
Makhleb
Nemelex Xobeh
Okawaru
Qazlal
Ru
Sif Muna
Trog
Uskayaw
Vehumet
Wu Jian
Xom
Yredelemnul
Zin
The Shining One


Innate Abilities, Weirdness & Mutations

You are small and have problems with some larger weapons.
You are somewhat resistant to further mutation.


Message History

You shoot a poisoned needle.
The poisoned needle hits the frost giant!
The frost giant looks as sick as possible!
The frost giant is heavily wounded.
The frost giant points at you and mumbles some strange words.
The bolt of cold hits you! You resist.
* * * LOW HITPOINT WARNING * * *
Okay, then.
Really quaff
r - 3 potions of heal wounds {!q}?
You feel much better.
You gain the combat prowess of a mighty hero.
Firing (i - inventory. (,) - cycle):
p - 20 poisoned needles (quivered)
Press: ? - help, Shift-Dir - straight line, f/p - frost giant
Aim: a frost giant, wielding a battleaxe of freezing (heavily wounded, poisoned)
You shoot a poisoned needle.
The poisoned needle hits the frost giant!
The frost giant looks as sick as possible!
The frost giant is heavily wounded.
Unknown command.
You see here a whip.
The frost giant points at you and mumbles some strange words.
The bolt of cold misses you.
The frost giant points at you and mumbles some strange words.
The bolt of cold hits you! You resist.
* * * LOW HITPOINT WARNING * * *
The frost giant points at you and mumbles some strange words.
The bolt of cold hits you! You resist.
* * * LOW HITPOINT WARNING * * *
Firing (i - inventory. (,) - cycle):
p - 19 poisoned needles (quivered)
Press: ? - help, Shift-Dir - straight line, f/p - frost giant
Aim: a frost giant, wielding a battleaxe of freezing (heavily wounded, poisoned)
You shoot a poisoned needle.
The poisoned needle hits the frost giant!!
The frost giant looks as sick as possible!
The frost giant is heavily wounded.
Unknown command.
Really quaff
r - 2 potions of heal wounds {!q}?
You feel much better.
The frost giant gestures at you while chanting.
The bolt of cold hits you! You resist.
* * * LOW HITPOINT WARNING * * *
Firing (i - inventory. (,) - cycle):
p - 18 poisoned needles (quivered)
Press: ? - help, Shift-Dir - straight line, f/p - frost giant
Aim: a frost giant, wielding a battleaxe of freezing (severely wounded, poisoned)
You shoot a poisoned needle.
The poisoned needle hits the frost giant.
The frost giant looks even sicker.
The frost giant is severely wounded.
The frost giant casts a spell at you. The bolt of cold hits you! You resist.
* * * LOW HITPOINT WARNING * * *
Unknown command.
Firing (i - inventory. (,) - cycle):
p - 17 poisoned needles (quivered)
Press: ? - help, Shift-Dir - straight line, f/p - frost giant
Aim: a frost giant, wielding a battleaxe of freezing (severely wounded, poisoned)
You shoot a poisoned needle.
The poisoned needle hits the frost giant!
The frost giant looks as sick as possible!
The frost giant is severely wounded.
Unknown command.
You feel like a meek peon again.
The frost giant gestures at you while chanting.
The bolt of cold hits you! You resist.
You die...

*,* #...# #...#
#.##...##.# *,*
#...# #...#
#.#.###.#.# #.*
#(..# #...#
#C'.#.'.#.# #.#
#(..# #..C#
#.#.###.#.# #.#
#...# #...#
#.##...##.# #.#
#...# #...#
#..######.# #.#
#...# #.(.#
#...#####.#
#.####...# #...#
#...# #.#
#........####..@#
#...#####.##
#.).............#
#...........
##.####..(#####..#
#........... ...#
#...# #(.#
#.........## ...#
#...# #..#
#.........# ##.#
#...# #..#
#.........# #.#
#..C# #..#
#....)....# #.#
#...# #..#
#.........# #.#
#...# #).#
#.....[...#


You could see a frost giant.

Vanquished Creatures
  A two-headed ogre (D:9)
  An unseen horror (D:10)
  A troll (D:10)
  A merfolk (D:10)
  A hornet (D:10)
  3 yaks (D:10)
  Eustachio (D:3)
  Duvessa (D:5)
  3 sky beasts
  5 orc warriors
  2 ice beasts
  A hornet zombie (Ossuary)
  An eye of draining (D:10)
  4 ogres
  4 centaurs
  2 crocodiles (D:9)
  3 big kobolds
  4 bullfrogs
  Dowan (D:5)
  6 scorpions
  7 killer bees
  3 crimson imps
  3 centaur zombies
  9 orc priests
  4 hounds (D:6)
  A jelly (D:6)
  4 bullfrog skeletons
  A gnoll shaman (D:7)
  2 iguanas
  An iron imp (D:8)
  7 orc wizards
  10 worker ants
  3 hound zombies (Ossuary)
  A hound skeleton (D:7)
  17 mummies
  Robin (D:3)
  2 howler monkey zombies (Ossuary)
  2 worker ant zombies (Ossuary)
  A howler monkey skeleton (D:8)
  13 adders
  13 gnolls
  4 shadow imps
  An ooze (D:3)
  2 adder skeletons (D:4)
  An adder zombie (Ossuary)
  A worm (D:3)
  A dart slug (D:1)
  2 leopard geckos
  34 orcs
  2 ball pythons
  4 bats
  3 giant cockroaches
  22 goblins
  6 hobgoblins
  10 jackals
  16 kobolds
  5 quokkas
  2 frilled lizards
  2 hobgoblin zombies (D:4)
  2 jackal skeletons (D:5)
  2 jackal zombies (Ossuary)
  A leopard gecko skeleton (D:6)
  A leopard gecko zombie (Ossuary)
  2 quokka skeletons
  2 quokka zombies (Ossuary)
  7 rats
  A spectral orc (D:2)
287 creatures vanquished.

Vanquished Creatures (collateral kills)
  A hippogriff (D:9)
  An adder (D:9)
2 creatures vanquished.

Grand Total: 289 creatures vanquished

Notes
Turn   | Place    | Note
-------+----------+-------------------------------------------
     0 | D:1      | Amnesiac the Halfling Fighter began the quest for the Orb.
     0 | D:1      | Reached XP level 1. HP: 15/15 MP: 1/1
    67 | D:1      | Reached skill level 1 in Dodging
   200 | D:1      | Reached XP level 2. HP: 20/20 MP: 2/2
   612 | D:1      | Reached XP level 3. HP: 25/25 MP: 3/3
   683 | D:2      | Found a white marble altar of Elyvilon.
   744 | D:2      | Found a basalt altar of Yredelemnul.
   967 | D:2      | Reached skill level 1 in Slings
  1081 | D:3      | Found a sacrificial altar of Ru.
  1160 | D:3      | Reached XP level 4. HP: 26/30 MP: 4/4
  1233 | D:3      | Reached skill level 2 in Slings
  1319 | D:3      | Reached skill level 3 in Slings
  1324 | D:3      | Noticed a centaur
  1356 | D:3      | Killed a centaur
  1356 | D:3      | Reached skill level 5 in Slings
  1356 | D:3      | Reached XP level 5. HP: 16/35 MP: 5/5
  1549 | D:3      | Reached skill level 6 in Slings
  1550 | D:3      | Reached XP level 6. HP: 37/41 MP: 6/6
  1634 | D:3      | Reached skill level 7 in Slings
  1914 | D:3      | Noticed Robin
  1956 | D:3      | Killed Robin
  2049 | D:3      | Found a shadowy altar of Dithmenos.
  2127 | D:3      | Reached skill level 8 in Slings
  2351 | D:4      | Found a staircase to the Ecumenical Temple.
  2376 | D:4      | Reached XP level 7. HP: 34/45 MP: 7/7
  2395 | Temple   | Entered the Ecumenical Temple
  2481 | D:4      | Noticed Eustachio
  2668 | D:4      | Found a sand-covered staircase.
  2686 | Ossuary  | Entered an ossuary
  2725 | Ossuary  | Reached skill level 9 in Slings
  2949 | Ossuary  | Reached skill level 10 in Slings
  2987 | Ossuary  | Reached XP level 8. HP: 48/51 MP: 8/8
  3052 | Ossuary  | Reached skill level 11 in Slings
  3388 | D:4      | Found a bloodstained altar of Trog.
  3426 | D:3      | Killed Eustachio
  3426 | D:3      | Reached skill level 12 in Slings
  3914 | D:4      | Found a glowing golden altar of the Shining One.
  4080 | D:5      | Entered Level 5 of the Dungeon
  4342 | D:5      | Noticed Dowan
  4343 | D:5      | Noticed Duvessa
  4370 | D:5      | Killed Duvessa
  4370 | D:5      | Reached XP level 9. HP: 26/57 MP: 9/9
  4386 | D:5      | Killed Dowan
  5687 | D:6      | Reached skill level 5 in Armour
  5898 | D:6      | Reached skill level 5 in Shields
  5946 | D:6      | Reached skill level 5 in Dodging
  6242 | D:6      | Found a sparkling altar of Nemelex Xobeh.
  6811 | D:6      | Reached XP level 10. HP: 48/65 MP: 10/10
  7203 | D:6      | Found an opulent altar of Gozag.
  7632 | D:7      | Reached skill level 5 in Fighting
  7632 | D:7      | Reached skill level 13 in Slings
  7753 | D:7      | Found a radiant altar of Vehumet.
  7950 | D:8      | Found a burning altar of Makhleb.
  7950 | D:8      | Found an iron altar of Okawaru.
  7957 | D:8      | Became a worshipper of Warmaster Okawaru
  8236 | D:8      | Noticed a two-headed ogre
  8253 | D:8      | Found a shattered altar of Ashenzari.
  8398 | D:8      | Found a snail-covered altar of Cheibriados.
  8556 | D:9      | Killed a two-headed ogre
  8556 | D:9      | Reached * piety under Okawaru
  8564 | D:9      | Found a staircase to the Lair.
  8576 | D:9      | Reached skill level 1 in Invocations
  8765 | D:9      | Reached ** piety under Okawaru
  9182 | D:9      | Reached XP level 11. HP: 67/72 MP: 14/14
  9432 | D:10     | Entered Level 10 of the Dungeon
  9456 | D:10     | Reached skill level 5 in Invocations
  9801 | D:10     | Reached *** piety under Okawaru
 10298 | D:10     | Killed an unseen horror
 10325 | D:10     | Noticed a frost giant
 11803 | D:10     | Killed from afar by a frost giant

Vault maps used:
D:1:      lemuel_arrival_lava_pool
D:2:      lemuel_crystal_altar, yredelemnul_forgotten_temple_becter,
          minmay_strange_pillars
D:3:      lemuel_coloured_pillars_altar, nicolae_ru_sacrificial_ziggurat,
          uniq_robin
D:4:      overflow_temple_1_default, kennysheep_mini_moat,
          minmay_temple_entry_crystal_x, nicolae_ossuary_entry_giza,
          uniq_eustachio
D:5:      first_ration, uniq_duvessa
D:6:      lemuel_crystal_altar, grunt_gozag_breadcrumbs
D:7:      lemuel_doored_altar
D:8:      cheibrodos_ashenzari_chains, amethyst_overflow_temple_binary,
          slow_altar_2
D:9:      lair_entry_dummy
D:10:     hangedman_fish_farm, kennysheep_just_a_vault
Temple:   compressed_dpeg_circular_temple
Ossuary:  ossuary_zaba_flooded

Skill      XL: |  1  2  3  4  5  6  7  8  9 10 11 |
---------------+----------------------------------+-----
Dodging        | 1 2 3 5 6 |  6.8
Slings         | 1 5 6 8 10 12 13 | 13.2
Fighting       | 3 4 5 |  5.7
Armour         | 5 6 |  6.9
Shields        | 5 6 |  6.9
Short Blades   | 3 |  3.0
Invocations    | 4 8 |  8.6

Action                   |  1- 3 |  4- 6 |  7- 9 | 10-12 || total
-------------------------+-------+-------+-------+-------++-------
Melee: Rapier            |   101 |    23 |       |       ||   124
       Dagger            |       |    24 |   462 |   210 ||   696
 Fire: Hunting sling     |       |   148 |   267 |   327 ||   742
       Blowgun           |       |       |       |    26 ||    26
Throw: Stone             |    23 |    32 |   126 |       ||   181
       Tomahawk          |       |       |    39 |   111 ||   150
Invok: Heroism           |       |       |       |     1 ||     1
  Use: Scroll            |       |       |    15 |     6 ||    21
       Potion            |       |       |     5 |     3 ||     8
  Eat: Chunk             |     1 |     4 |    14 |    12 ||    31
       Ration            |       |       |       |     1 ||     1
Armor: Scale mail        |    34 |    33 |    71 |       ||   138
       Plate armour      |       |       |   136 |   173 ||   309
Dodge: Dodged            |    47 |    41 |   169 |    99 ||   356
Block: Shield            |    55 |    39 |   261 |   191 ||   546

Table legend:
 A = Spawn XP
 B = Non-spawn XP
 C = Spawn XP percentage of total XP
 D = Spawn monster count
 E = Non-spawn monster count
 F = Spawn count percentage of total count
 G = Total turns spent on level
                    A         B        C        D         E        F      G
               +---------+---------+-------+---------+---------+-------+---------
         Total |       0 |   11424 |   0.0 |       0 |     289 |   0.0 | 11803
               +---------+---------+-------+---------+---------+-------+---------
           D:1 |       0 |      38 |   0.0 |       0 |      15 |   0.0 |   608
           D:2 |       0 |      13 |   0.0 |       0 |       8 |   0.0 |   464
           D:3 |       0 |     632 |   0.0 |       0 |      54 |   0.0 |  1184
           D:4 |       0 |     361 |   0.0 |       0 |      28 |   0.0 |   925
           D:5 |       0 |     436 |   0.0 |       0 |      11 |   0.0 |   898
           D:6 |       0 |    1792 |   0.0 |       0 |      44 |   0.0 |  2394
           D:7 |       0 |    1030 |   0.0 |       0 |      23 |   0.0 |   531
           D:8 |       0 |     589 |   0.0 |       0 |      19 |   0.0 |   580
           D:9 |       0 |    2211 |   0.0 |       0 |      23 |   0.0 |  1295
          D:10 |       0 |    3542 |   0.0 |       0 |      32 |   0.0 |  2025
       Ossuary |       0 |     780 |   0.0 |       0 |      32 |   0.0 |   681
               +---------+---------+-------+---------+---------+-------+---------
